AoeStats
← 玩印度的哥们硬不起来

Arena

509598538Analyzed
4v4 RM · 5d ago on Sep 27, 2026· 87m 48s· 8 players
Game mode
Random Map
Map size
Large (8 player)
Population
200
Speed
Normal
Resources
Standard
Victory
Conquest
Starting age
Dark Age
Ending age
Imperial Age
RankedLock teamsTeams togetherTeam positionsShared explorationLock speedFull tech treeHidden civsTurbo modeCheats
Victory
Defeat
🇺🇸 Khmer · United States
1596
+16
🇦🇷 Teutons · Argentina
1535
+19
🇫🇷 Mongols · France
1477
+21
1475
+21
🇨🇳 Cumans · China
1760
-26
🇨🇳 Saxons · China
1724
-24
🇨🇳 Mongols · China
1486
-15
1416
-12
iAlejandrouae
8:01 Feudal Age
6:30 Loom
10:04 Fletching
12:13 Town Watch
22:16 Castle Age
20:22 Horse Collar
20:40 Double-Bit Axe
22:01 Stone Mining
22:58 Bodkin Arrow
23:40 Guard Tower
24:54 Bow Saw
28:43 Ballistics
30:46 Masonry
33:39 Heavy Plow
34:32 Wheelbarrow
33:32 Pikeman
34:48 Fortified Wall
39:49 Imperial Age
37:28 Squires
37:47 Scale Mail Armor
37:58 Forging
39:48 Chain Mail Armor
40:08 Iron Casting
40:03 Halberdier
41:36 Conscription
42:01 Plate Mail Armor
46:43 Arson
47:59 Blast Furnace
48:19 Chemistry
47:58 Scale Barding Armor
49:21 Bloodlines
48:31 Cavalier
49:59 Chain Barding Armor
51:09 Two-Man Saw
50:00 Gold Mining
50:42 Crop Rotation
50:38 Hand Cart
50:34 Paladin
53:05 Plate Barding Armor
55:37 Coinage
54:56 Capped Ram
56:07 Ironclad
57:16 Caravan
60:00 Man-at-Arms
60:25 Gambesons
87:39 Keep
86:49 Arrowslits
87:43 Guilds
CloudNood
10:53 Feudal Age
12:38 Double-Bit Axe
12:59 Horse Collar
15:29 Castle Age
16:31 Bow Saw
17:43 Wheelbarrow
20:08 Loom
21:34 Stone Mining
22:52 Scale Barding Armor
22:46 Gold Mining
24:48 Bloodlines
28:47 Imperial Age
27:34 Hand Cart
28:51 Chain Barding Armor
29:15 Gold Shaft Mining
29:16 Stone Shaft Mining
31:08 Conscription
30:39 Fletching
30:50 Padded Archer Armor
31:22 Ballistics
33:38 Chemistry
32:35 Bodkin Arrow
33:25 Bracer
32:47 Elite Mangudai
35:11 Husbandry
36:06 Leather Archer Armor
36:15 Town Watch
36:45 Masonry
37:23 Hoardings
38:06 Parthian Tactics
37:47 Thumb Ring
39:13 Forging
38:26 Light Cavalry
40:43 Hussar
41:58 Iron Casting
42:25 Capped Ram
45:36 Coinage
45:17 Siege Ram
47:19 Banking
47:51 Blast Furnace
47:50 Drill
60:35 Nomads
72:59 Heavy Plow
Lastmantillidie
9:37 Feudal Age
12:25 Castle Age
11:10 Double-Bit Axe
13:15 Horse Collar
14:13 Bow Saw
19:16 Loom
20:39 Wheelbarrow
21:32 Town Watch
23:24 Fletching
24:11 Bodkin Arrow
25:39 Heavy Plow
27:37 Hand Cart
27:54 Scale Barding Armor
28:00 Forging
28:03 Bloodlines
27:54 Husbandry
27:14 Light Cavalry
28:50 Fortified Wall
30:30 Iron Casting
30:36 Gold Mining
30:38 Stone Mining
33:42 Imperial Age
31:48 Ballistics
32:41 Chain Barding Armor
33:32 Gold Shaft Mining
32:31 Pikeman
33:17 Scale Mail Armor
34:18 Masonry
34:28 Chain Mail Armor
33:51 Halberdier
35:48 Chemistry
34:54 Siege Engineers
36:02 Blast Furnace
36:07 Double Crossbow
36:27 Conscription
36:15 Heavy Scorpion
37:27 Architecture
37:43 Bracer
38:51 Elite Battle Elephant
42:37 Coinage
43:12 Plate Barding Armor
43:17 Crop Rotation
42:40 Hussar
44:50 Stone Shaft Mining
43:43 Capped Ram
46:06 Siege Ram
58:02 Caravan
85:17 Tusk Swords
85:53 Hoardings
玩印度的哥们硬不起来
6:02 Loom
11:11 Feudal Age
12:01 Double-Bit Axe
14:43 Castle Age
14:04 Horse Collar
15:32 Wheelbarrow
16:20 Gold Mining
24:16 Scale Mail Armor
28:01 Pikeman
31:02 Hand Cart
34:33 Imperial Age
32:28 Forging
32:42 Bow Saw
32:51 Heavy Plow
32:43 Gambesons
32:20 Man-at-Arms
33:36 Squires
34:49 Chain Mail Armor
35:10 Iron Casting
46:26 Two-Man Saw
58:22 Fletching
58:32 Padded Archer Armor
63:22 Bodkin Arrow
64:14 Caravan
66:42 Elite Skirmisher
67:23 Bracer
70:10 Leather Archer Armor
71:32 Ballistics
73:05 Thumb Ring
73:27 Conscription
75:05 Husbandry
76:14 Bloodlines
78:20 Halberdier
80:21 Blast Furnace
79:44 Yasama
80:22 Plate Mail Armor
82:04 Ring Archer Armor
82:19 Kataparuto
82:07 Siege Engineers
83:49 Long Swordsman
84:25 Two-Handed Swordsman
85:49 Scale Barding Armor
88:16 Chain Barding Armor
jijiojojo
10:00 Feudal Age
13:42 Castle Age
11:56 Double-Bit Axe
12:39 Loom
18:37 Bow Saw
19:10 Forging
19:29 Scale Mail Armor
21:20 Chain Mail Armor
24:36 Wheelbarrow
24:40 Iron Casting
25:44 Horse Collar
33:09 Heavy Plow
36:25 Imperial Age
34:22 Fletching
34:33 Padded Archer Armor
35:07 Bodkin Arrow
35:31 Gold Mining
35:57 Hand Cart
36:22 Ballistics
36:22 Thumb Ring
37:28 Conscription
36:31 Cranequins
37:39 Bracer
38:47 Chemistry
38:09 Heavy Mounted Crossbowman
39:56 Capped Ram
40:44 Siege Engineers
41:13 Leather Archer Armor
40:50 Siege Ram
41:38 Guard Tower
41:34 Arrowslits
44:10 Ring Archer Armor
43:24 Onager
45:27 Keep
44:49 Murder Holes
46:44 Bloodlines
46:34 Husbandry
48:52 Masonry
48:23 Treadmill Crane
48:54 Fortified Wall
51:54 Architecture
58:08 Pikeman
58:48 Squires
58:34 Gambesons
59:13 Halberdier
63:50 Caravan
64:32 Elite Skirmisher
80:16 Coinage
80:35 Onager
摸鱼种田
8:27 Feudal Age
9:00 Double-Bit Axe
9:28 Horse Collar
20:13 Castle Age
19:06 Wheelbarrow
18:25 Gold Mining
18:31 Loom
20:48 Bloodlines
20:44 Scale Barding Armor
21:09 Forging
21:52 Chain Barding Armor
23:20 Iron Casting
22:55 Capped Ram
31:26 Imperial Age
29:12 Hand Cart
30:20 Bow Saw
31:45 Elite Steppe Lancer
35:36 Plate Barding Armor
36:01 Blast Furnace
36:25 Conscription
36:05 Steppe Husbandry
36:08 Heavy Plow
37:44 Blast Furnace
37:43 Light Cavalry
38:57 Crop Rotation
39:28 Two-Man Saw
38:42 Fletching
39:32 Bodkin Arrow
40:23 Coinage
40:22 Hussar
42:17 Banking
42:30 Onager
44:31 Cuman Mercenaries
49:01 Siege Onager
50:45 Chemistry
54:34 Stone Mining
54:49 Caravan
57:35 Masonry
57:20 Murder Holes
59:18 Guilds
59:45 Siege Ram
62:46 Ballistics
63:03 Hoardings
63:17 Padded Archer Armor
65:55 Leather Archer Armor
66:07 Elite Kipchak
74:02 Ring Archer Armor
77:03 Gold Shaft Mining
曾经沧海难为水
10:01 Feudal Age
10:48 Loom
12:28 Fletching
15:56 Castle Age
37:34 Double-Bit Axe
56:37 Elite Skirmisher
59:23 Padded Archer Armor
59:19 Bodkin Arrow
61:29 Leather Archer Armor
75:18 Bloodlines
75:08 Husbandry
74:52 Light Cavalry
76:35 Forging
76:30 Scale Barding Armor
76:35 Forging
76:30 Scale Barding Armor
77:37 Caravan
78:09 Coinage
水母系呆萌美少女可可
10:31 Feudal Age
11:06 Double-Bit Axe
14:35 Castle Age
12:29 Horse Collar
12:44 Double-Bit Axe
15:33 Bow Saw
20:59 Wheelbarrow
20:10 Loom
21:06 Heavy Plow
22:28 Stone Mining
23:24 Hand Cart
25:14 Stone Shaft Mining
25:48 Gold Mining
26:01 Loom
29:06 Imperial Age
26:26 Town Watch
27:04 Scale Barding Armor
27:09 Forging
28:29 Chain Barding Armor
28:45 Coinage
28:40 Ballistics
28:43 Szlachta Privileges
29:16 Bloodlines
29:11 Husbandry
30:12 Iron Casting
30:54 Chemistry
30:19 Conscription
31:53 Blast Furnace
30:25 Cavalier
31:34 Light Cavalry
33:07 Fletching
33:17 Padded Archer Armor
33:44 Elite Skirmisher
34:30 Thumb Ring
34:37 Bodkin Arrow
34:58 Leather Archer Armor
38:15 Bracer
42:07 Crossbowman
42:13 Winged Hussar
42:41 Arbalester
46:22 Masonry
47:11 Scale Mail Armor
48:45 Banking
50:29 Capped Ram
57:20 Crop Rotation
62:05 Fortified Wall
73:38 Pikeman
74:19 Squires
74:30 Caravan
75:21 Chain Mail Armor
75:07 Arson
Connection lost

Rejoining the realm…

Still unreachable

The connection could not be restored.

Session expired

The server has moved on; the page needs a fresh start.